 Dungeon Crawl Stone Soup version 0.24.0-13-gcf9b3192b9 (webtiles) character file.

Game seed: 564990134493855283, levelgen mode: deterministic

42000 Johnny the Carver (level 13, -6/135 HPs)
             Began as a Troll Berserker on Nov 5, 2019.
             Was a High Priest of Trog.
             Mangled by a catoblepas (11 damage)
             ... while petrified by you
             ... on level 15 of the Dungeon.
             The game lasted 00:22:10 (13843 turns).

Johnny the Carver (Troll Berserker)                Turns: 13843, Time: 00:22:11

Health: -6/135     AC:  9    Str: 32    XL:     13   Next: 83%
Magic:  12/12      EV:  1    Int:  3    God:    Trog [*****.]
Gold:   892        SH:  0    Dex: 14    Spells: 12/12 levels left

rFire    + . .     SeeInvis +   E - +3 falchion of Deformation {protect, rElec rPois rF+ Stlth+}
rCold    + + +     Gourm    +   (no shield)
rNeg     + + +     Faith    .   M - +0 troll leather armour
rPois    ∞         Spirit   .   G - +0 hat {SInv}
rElec    +         Reflect  .   u - +0 cloak
rCorr    .         Harm     +   (gloves unavailable)
MR       .....                  (boots unavailable)
Stlth    ++........             k - amulet of harm
HPRegen  1.12/turn              Q - +4 ring of slaying (curse)
MPRegen  0.13/turn              V - ring "Qodgh" {rElec rPois rC+++ MR- Dex+5}

@: petrified, berserk cooldown, slowed
A: large, unfitting armour, antennae 1, claws 3, fast metabolism 3, gourmand,
regeneration 1, shaggy fur 1, electricity resistance, tough skin 3
a: Berserk, Trog's Hand, Brothers in Arms, Renounce Religion


You were on level 15 of the Dungeon.
You worshipped Trog.
Trog was extremely pleased with you.
You were full.

You visited 1 branch of the dungeon, and saw 15 of its levels.

You collected 1132 gold pieces.
You spent 240 gold pieces at shops.

Inventory:

Hand Weapons
 e - a +0 falchion of electrocution
 q - a +1 falchion of holy wrath
 E - the +3 falchion of Deformation (weapon) {protect, rElec rPois rF+ Stlth+}
   (You bought it in a shop on level 8 of the Dungeon)

   It grants its wielder temporary protection when it strikes (+7 to AC).
   It protects you from fire.
   It insulates you from electricity.
   It protects you from poison.
   It makes you more stealthy.
 H - a +3 scimitar of flaming
Missiles
 K - a throwing net (quivered)
Armour
 u - a +0 cloak (worn)
 G - a +0 hat of see invisible (worn)
 M - a +0 troll leather armour (worn)
 N - a +2 hat
Jewellery
 i - an uncursed ring of protection from magic
 j - an uncursed amulet of rage
 k - an amulet of harm (around neck)
 Q - a cursed +4 ring of slaying (left claw)
 R - an uncursed ring of ice {unknown}
 V - the ring "Qodgh" (right claw) {rElec rPois rC+++ MR- Dex+5}
   (You took it off a vampire on level 14 of the Dungeon)

   [ring of dexterity]

   It affects your dexterity (+5).
   It renders you almost immune to cold.
   It insulates you from electricity.
   It protects you from poison.
   It affects your resistance to hostile enchantments.
Wands
 b - a wand of scattershot (1)
 w - a wand of random effects (18)
 B - a wand of paralysis (2)
 T - a wand of disintegration (5)
Scrolls
 d - 11 scrolls of remove curse
 f - 2 scrolls of fog
 h - 5 scrolls of teleportation
 m - 2 scrolls of magic mapping
 n - 4 scrolls of immolation
 x - 3 scrolls of holy word
 y - 6 scrolls of enchant weapon
 A - 2 scrolls of noise
 C - a scroll of enchant armour
 P - a scroll of vulnerability
 U - a scroll of identify
 W - 2 scrolls of amnesia {unknown}
Potions
 a - 2 potions of curing
 g - 2 potions of lignification {unknown}
 l - a potion of cancellation {unknown}
 o - a potion of ambrosia {unknown}
 p - 4 potions of heal wounds
 r - a potion of resistance {unknown}
 s - 3 potions of agility {unknown}
 t - 3 potions of berserk rage {unknown}
 v - 2 potions of mutation
 z - 3 potions of might
 D - 3 potions of flight
 F - a potion of degeneration {unknown}
 O - a potion of invisibility {unknown}
Miscellaneous
 L - a lightning rod (1/4)
Comestibles
 c - 34 rations


   Skills:
 + Level 10.6 Fighting
 * Level 14.2 Long Blades
 + Level 10.6 Dodging


You had 12 spell levels left.
You didn't know any spells.
Your spell library contained the following spells:

 Spells                   Type           Power        Failure   Level  Hunger
 Animate Skeleton         Necr           N/A          56%         1    ##.....
 Beastly Appendage        Tmut           #.....       56%         1    ##.....
 Corona                   Hex            #......      56%         1    ##.....
 Flame Tongue             Conj/Fire      #....        56%         1    ##.....
 Infusion                 Chrm           #...         56%         1    ##.....
 Magic Dart               Conj           #...         56%         1    ##.....
 Pain                     Necr           #...         56%         1    ##.....
 Summon Small Mammal      Summ           #...         56%         1    ##.....
 Blink                    Tloc           N/A          71%         2    ###....
 Call Imp                 Summ           #.......     71%         2    ###....
 Ensorcelled Hibernation  Hex/Ice        #.....       71%         2    ###....
 Shroud of Golubria       Chrm/Tloc      #.....       71%         2    ###....
 Slow                     Hex            #.......     71%         2    ###....
 Song of Slaying          Chrm           #.......     71%         2    ###....
 Sticks to Snakes         Tmut           #.......     71%         2    ###....
 Throw Flame              Conj/Fire      #.....       71%         2    ###....
 Call Canine Familiar     Summ           #.......     90%         3    ####...
 Confuse                  Hex            #.......     90%         3    ####...
 Conjure Flame            Conj/Fire      #.......     90%         3    ####...
 Dazzling Spray           Conj/Hex       #.....       90%         3    ####...
 Inner Flame              Hex/Fire       #.......     90%         3    ####...
 Mephitic Cloud           Conj/Pois/Air  #.......     90%         3    ####...
 Portal Projectile        Hex/Tloc       #.....       90%         3    ####...
 Regeneration             Chrm/Necr      #.........   90%         3    ####...
 Spectral Weapon          Hex/Chrm       #.......     90%         3    ####...
 Spider Form              Tmut/Pois      #.........   90%         3    ####...
 Summon Guardian Golem    Hex/Summ       #.......     90%         3    ####...
 Tukima's Dance           Hex            #.......     90%         3    ####...
 Vampiric Draining        Necr           #.........   90%         3    ####...
 Animate Dead             Necr           N/A          100%        4    #####..
 Cause Fear               Hex            #.........   100%        4    #####..
 Ice Form                 Ice/Tmut       #.......     100%        4    #####..
 Leda's Liquefaction      Hex/Erth       #.........   100%        4    #####..
 Sticky Flame             Conj/Fire      #.......     100%        4    #####..
 Summon Ice Beast         Ice/Summ       #.......     100%        4    #####..
 Summon Lightning Spire   Summ/Air       #.......     100%        4    #####..
 Blade Hands              Tmut           #.........   100%        5    ######.
 Bolt of Magma            Conj/Fire/Erth #.........   100%        5    ######.
 Borgnjor's Vile Clutch   Necr/Erth      #.........   100%        5    ######.
 Fireball                 Conj/Fire      #.........   100%        5    ######.
 Iskenderun's Battlesphe  Conj/Chrm      #.......     100%        5    ######.
 Silence                  Hex/Air        #.........   100%        5    ######.
 Venom Bolt               Conj/Pois      #.........   100%        5    ######.
 Darkness                 Hex            #.........   100%        6    #######
 Iron Shot                Conj/Erth      #.........   100%        6    #######
 Shadow Creatures         Summ           N/A          100%        6    #######
 Orb of Destruction       Conj           #.........   100%        7    #######
 Spellforged Servitor     Conj/Summ      #.........   100%        7    #######


Dungeon Overview and Level Annotations

Branches:
Dungeon (15/15)            Temple (0/1) D:6            Lair (0/6) D:10
    Orc (0/2) D:10         Vaults (0/5) D:13         Depths (0/5) D:15

Altars:
Cheibriados
Dithmenos
Elyvilon
Fedhas
Gozag
Okawaru
Qazlal
Ru
Uskayaw
Wu Jian
Xom
Yredelemnul
Zin
The Shining One
Beogh

Shops:
D:8 (


Innate Abilities, Weirdness & Mutations

You are too large for most types of armour.
You have claws for hands.
Your metabolism is lightning-fast.
You like to eat raw meat.
Your natural rate of healing is unusually fast.
You are covered in fur. (AC +1)
You have extremely tough skin. (AC +3)
You have a pair of small antennae on your head.
You are resistant to electric shocks. (rElec)


Message History

The wyvern bites you.
You are engulfed in calcifying dust.
The wyvern bites you.
The catoblepas gores you but does no damage.
The wyvern bites you.
You are engulfed in calcifying dust.
The catoblepas gores you!
* * * LOW HITPOINT WARNING * * *
The wyvern bites you but does no damage.
The wyvern bites you but does no damage.
The catoblepas gores you!!
* * * LOW HITPOINT WARNING * * *
The wyvern bites you but does no damage.
The catoblepas gores you but does no damage.
The wyvern bites you!
* * * LOW HITPOINT WARNING * * *
The wyvern stops moving altogether!
The catoblepas gores you!
* * * LOW HITPOINT WARNING * * *
The catoblepas gores you!!
* * * LOW HITPOINT WARNING * * *
The catoblepas gores you!!
You die...

.######).##.#
#### ....#
#..##.## ....
.######......#
.....
<.........#..#
####..)..
..####...##..#
#...... ..#
#...##..# #....#
... #.......#
#....# ....
###.##..####Y...#
..#.#
#........@....#
..#..
##########l...#
....#. .#+### .
#. .. ##


You could see a catoblepas and a wyvern (petrified).

Vanquished Creatures
  Gastronok (D:9)
  An ironheart preserver (D:13)
  Nessos (D:13)
  Josephine (D:11)
  An ogre mage (D:14)
  A fire dragon (D:15)
  Harold (D:11)
  2 hydras
  A centaur warrior (D:13)
  2 two-headed ogres
  Nergalle (D:12)
  2 unseen horrors
  The ghost of mitkoXXVII the Skirmisher, a novice OgCj (D:6)
  A deep troll (D:14)
  A wizard (D:15)
  Pikel (D:6)
  2 orc knights
  2 cyclopes
  A deep elf mage (D:13)
  2 ugly things
  5 manticores
  Maurice (D:9)
  Psyche (D:9)
  2 gargoyles (D:14)
  A kobold demonologist (D:15)
  An efreet (D:13)
  3 centaur skeletons
  A komodo dragon (shapeshifter) (D:14)
  A tengu conjurer (D:15)
  4 trolls
  3 meliai (D:12)
  2 queen bees
  A hornet (D:14)
  3 slime creatures (D:14)
  A meliai zombie (D:15)
  2 dream sheep (D:11)
  5 hippogriffs
  6 wraiths
  3 vampires
  Eustachio (D:5)
  2 wyverns
  2 water elementals (D:14)
  Sigmund (D:5)
  4 basilisks
  2 yaks (D:11)
  2 hungry ghosts
  A human (D:15)
  A steam dragon (D:9)
  Grum (D:10)
  3 vampire mosquitoes (D:14)
  2 water moccasins
  An acid dragon (D:13)
  2 black bears
  9 sky beasts
  3 ice beasts
  A necrophage (D:9)
  4 phantoms
  3 slaves (D:6)
  20 orc warriors
  An eye of draining (D:13)
  16 centaurs
  7 ogres
  4 wolves
  A crocodile (D:12)
  5 big kobolds
  11 bullfrogs
  4 scorpions
  25 killer bees
  12 wights
  9 howler monkeys
  10 crimson imps
  A bullfrog zombie (D:6)
  3 centaur zombies
  4 hounds
  4 jellies
  10 orc wizards
  9 orc priests
  Crazy Yiuf (D:5)
  A bullfrog skeleton (D:6)
  Terence (D:2)
  2 iguanas
  14 worker ants
  2 hound zombies
  2 worker ant zombies
  A howler monkey zombie (D:6)
  8 gnolls (D:3)
  A howler monkey skeleton (D:4)
  13 adders
  4 shadow imps
  3 worms
  A dart slug (D:1)
  4 leopard geckos
  71 orcs
  A ball python (D:3)
  4 giant cockroaches
  5 goblins
  2 hobgoblins
  20 jackals
  7 quokkas
  4 bats
  4 frilled lizards
  15 kobolds
  A leopard gecko skeleton (D:4)
  A quokka skeleton (D:5)
  5 rats
471 creatures vanquished.

Vanquished Creatures (collateral kills)
  A fire dragon (D:15)
  A cyclops (D:15)
  A freezing wraith (D:14)
  An orc wizard (D:15)
  An orc (D:15)
5 creatures vanquished.

Vanquished Creatures (others)
  A bullfrog (D:13)
  An electric eel (D:13)
  A worker ant (D:13)
  A mummy (D:6)
  A jackal (D:2)
  A quokka (D:2)
  4 plants (D:14)
10 creatures vanquished.

Grand Total: 486 creatures vanquished

Notes
Turn   | Place    | Note
-------+----------+-------------------------------------------
     0 | D:1      | Johnny the Troll Berserker began the quest for the Orb.
     0 | D:1      | Reached XP level 1. HP: 22/22 MP: 0/0
   224 | D:1      | Reached XP level 2. HP: 29/29 MP: 1/1
   532 | D:2      | Noticed Terence
   717 | D:2      | Reached skill level 3 in Long Blades
   767 | D:2      | Reached XP level 3. HP: 36/36 MP: 2/2
   867 | D:2      | Gained mutation: You have a pair of small antennae on your
                  | head. [potion of mutation]
   867 | D:2      | Gained mutation: You are resistant to electric shocks.
                  | (rElec) [potion of mutation]
   872 | D:2      | Killed Terence
   939 | D:2      | Reached ** piety under Trog
   959 | D:2      | Found a white marble altar of Elyvilon.
   970 | D:2      | Reached XP level 4. HP: 44/44 MP: 3/3
  1347 | D:3      | Found a shadowy altar of Dithmenos.
  1490 | D:3      | Noticed a +0 dagger
  1491 | D:3      | Noticed a +0 dagger
  1494 | D:3      | Found a hide-covered altar of Uskayaw.
  1585 | D:3      | Reached XP level 5. HP: 53/53 MP: 4/4
  1792 | D:3      | Found an opulent altar of Gozag.
  1872 | D:3      | Found a glowing golden altar of the Shining One.
  2069 | D:3      | Reached skill level 4 in Long Blades
  2141 | D:4      | Noticed an ogre
  2148 | D:4      | Killed an ogre
  2148 | D:4      | Reached XP level 6. HP: 61/61 MP: 5/5
  2248 | D:4      | Reached *** piety under Trog
  2248 | D:4      | Reached skill level 5 in Long Blades
  2248 | D:4      | Reached XP level 7. HP: 68/68 MP: 6/6
  2654 | D:5      | Entered Level 5 of the Dungeon
  2706 | D:5      | Reached skill level 6 in Long Blades
  2706 | D:5      | Reached XP level 8. HP: 79/79 MP: 7/7
  2741 | D:5      | Noticed Eustachio
  2790 | D:5      | Killed Eustachio
  3198 | D:5      | Noticed Sigmund
  3207 | D:5      | Killed Sigmund
  3253 | D:5      | Reached skill level 5 in Fighting
  3253 | D:5      | Reached skill level 5 in Dodging
  3331 | D:5      | Found a basalt altar of Yredelemnul.
  3331 | D:5      | Found a shimmering altar of Xom.
  3336 | D:5      | Found a faded altar of an unknown god.
  3338 | D:5      | Found an iron altar of Okawaru.
  3339 | D:5      | Found a sacrificial altar of Ru.
  3526 | D:5      | Found a runed translucent door.
  3527 | D:5      | Noticed Crazy Yiuf
  3533 | D:5      | Killed Crazy Yiuf
  3659 | D:6      | Reached skill level 7 in Long Blades
  3670 | D:6      | Found a staircase to the Ecumenical Temple.
  3896 | D:6      | Reached **** piety under Trog
  3993 | D:6      | Reached XP level 9. HP: 80/88 MP: 8/8
  4081 | D:6      | Noticed Pikel
  4084 | D:6      | Found a runed translucent door.
  4106 | D:6      | Killed Pikel
  4112 | D:6      | Reached skill level 8 in Long Blades
  4159 | D:6      | Found an ornate altar of the Wu Jian Council.
  4331 | D:6      | Found a snail-covered altar of Cheibriados.
  4634 | D:6      | Noticed mitkoXXVII's ghost (novice OgCj)
  4648 | D:6      | Killed mitkoXXVII's ghost
  4778 | D:7      | Found a blossoming altar of Fedhas.
  4794 | D:7      | Noticed a brown ugly thing
  4812 | D:7      | Killed a brown ugly thing
  4862 | D:7      | Reached skill level 9 in Long Blades
  4870 | D:7      | Reached XP level 10. HP: 100/100 MP: 9/9
  5726 | D:8      | Found Syguont's Antique Weapon Shoppe.
  5734 | D:8      | Bought a shimmering falchion for 240 gold pieces
  5734 | D:8      | Identified the +3 falchion of Deformation {protect, rElec
                  | rPois rF+ Stlth+} (You bought it in a shop on level 8 of
                  | the Dungeon)
  5767 | D:8      | Found a stormy altar of Qazlal.
  6181 | D:9      | Reached ***** piety under Trog
  6231 | D:9      | Noticed Gastronok
  6254 | D:9      | Killed Gastronok
  6254 | D:9      | Reached skill level 10 in Long Blades
  6366 | D:9      | Noticed Maurice
  6435 | D:9      | Killed Maurice
  6689 | D:9      | Noticed Psyche
  6697 | D:9      | Killed Psyche
  6697 | D:9      | Reached XP level 11. HP: 109/109 MP: 10/10
  6909 | D:10     | Entered Level 10 of the Dungeon
  6909 | D:10     | Noticed Grum
  6999 | D:10     | Got an ancient mace
  7110 | D:10     | Received a gift from Trog
  7124 | D:10     | Killed Grum
  7274 | D:10     | Found a staircase to the Orcish Mines.
  7321 | D:10     | Found a staircase to the Lair.
  7366 | D:10     | Noticed an unseen horror
  7374 | D:10     | Killed an unseen horror
  7374 | D:10     | Reached skill level 11 in Long Blades
  7521 | D:10     | Noticed a brown ugly thing
  7539 | D:10     | Killed a brown ugly thing
  7710 | D:11     | Noticed Josephine
  7834 | D:11     | Killed Josephine
  8359 | D:11     | Noticed Harold
  8410 | D:11     | Killed Harold
  8410 | D:11     | Reached XP level 12. HP: 46/122 MP: 11/11
  8592 | D:11     | Noticed a three-headed hydra
  8598 | D:11     | Killed a three-headed hydra
  8599 | D:11     | Reached skill level 12 in Long Blades
  8727 | D:11     | Found a glowing silver altar of Zin.
  9361 | D:12     | Received a gift from Trog
  9437 | D:12     | Noticed Nergalle
  9454 | D:12     | Killed Nergalle
  9506 | D:12     | Noticed a two-headed ogre
  9521 | D:12     | Killed a two-headed ogre
 10646 | D:13     | Reached ****** piety under Trog
 10656 | D:13     | Found a gate to the Vaults.
 10656 | D:13     | Noticed an ironheart preserver
 10673 | D:13     | Killed an ironheart preserver
 10813 | D:13     | Noticed a centaur warrior
 10822 | D:13     | Reached skill level 13 in Long Blades
 10830 | D:13     | Killed a centaur warrior
 10892 | D:13     | Received a gift from Trog
 10928 | D:13     | Noticed Nessos
 10955 | D:13     | Killed Nessos
 11079 | D:13     | Reached XP level 13. HP: 130/133 MP: 12/12
 11433 | D:13     | Got a sapphire hand crossbow
 11818 | D:13     | Found a roughly hewn altar of Beogh.
 11861 | D:13     | Found a hide-covered altar of Uskayaw.
 11873 | D:13     | Reached skill level 10 in Fighting
 12430 | D:14     | Reached skill level 10 in Dodging
 12771 | D:14     | Identified the ring "Qodgh" {rElec rPois rC+++ MR- Dex+5}
 12789 | D:14     | Received a gift from Trog
 13337 | D:15     | Entered Level 15 of the Dungeon
 13419 | D:15     | Reached skill level 14 in Long Blades
 13728 | D:15     | Noticed a fire dragon
 13729 | D:15     | Noticed a fire dragon
 13736 | D:15     | Killed a fire dragon
 13741 | D:15     | Killed a fire dragon
 13742 | D:15     | Found a staircase to the Depths.
 13842 | D:15     | HP: 4/135 [catoblepas (10)]
 13843 | D:15     | Mangled by a catoblepas

Levels and vault maps discovered:
D:1:      psy_arrival_whirlpool, layout_basic
D:2:      layout_loops_cross, elyvilon_altar_4, uniq_terence
D:3:      layout_loops_ring, tso_metal_star, grunt_dithmenos_smoke_and_mirrors,
          marbit_many_paths, dancing_weapons_uskayaw
D:4:      layout_rooms, first_ration, minmay_unequal
D:5:      layout_rooms, chequers_temple_overflow_minitemple,
          minmay_misc_feat_chi, minmay_manual_mullet, uniq_sigmund,
          uniq_crazy_yiuf_cottage, uniq_eustachio
D:6:      layout_basic, kennysheep_little_box, slow_altar_2,
          minmay_temple_entry_offerings, ebering_ghost_reflecting_pool,
          kennysheep_nondescript, uniq_pikel
D:7:      layout_basic, nicolae_overflow_hidden_temple
D:8:      layout_gridville, serial_shops, shop, basic_altar
D:9:      layout_roguey, uniq_psyche, uniq_maurice, uniq_gastronok
D:10:     layout_rooms, lair_entry_dummy, uniq_grum
D:11:     layout_stronghold, hangedman_ranch [blue_anna_fruit_fields],
          minmay_misc_feat_square, dk_noncrumbling_2, lemuel_centaur_altar,
          uniq_harold, uniq_josephine
D:12:     layout_loops_corners, special_room [special_room_orc], minivault_7,
          uniq_nergalle
D:13:     layout_cave_pods, skrybe_vaults_entry_preservation, basic_altar,
          serial_rivers, chequers_serial_rivers_large_a,
          chequers_serial_rivers_small_3, chequers_serial_rivers_small_3,
          chequers_serial_rivers_micro_c, chequers_serial_rivers_micro_c,
          chequers_serial_rivers_small_a, special_room [special_room_orc],
          lemuel_freeze_loot_1, uniq_nessos
D:14:     minmay_the_grid_triangle_9x9_rhombus_thin
          [minmay_the_grid_triangle_9x9_swiss_cheese,
          minmay_the_grid_triangle_9x9_prize_insulated,
          minmay_the_grid_triangle_9x9_pentomino_pain,
          minmay_the_grid_triangle_9x9_minimal], layout_long_grid,
          hangedman_decor_diamond_cutter, serial_bayou_lagoon_a, st_stairs_5
D:15:     grunt_enter_depths_hoard, layout_basic, grunt_decor_cap

Skill      XL: |  1  2  3  4  5  6  7  8  9 10 11 12 13 |
---------------+----------------------------------------+-----
Long Blades    | 3 4 5 6 7 9 10 11 13 14 | 14.2
Dodging        | 3 4 5 6 7 8 9 10 | 10.6
Fighting       | 3 4 5 6 7 8 9 10 | 10.6

Action                   |  1- 3 |  4- 6 |  7- 9 | 10-12 | 13-15 || total
-------------------------+-------+-------+-------+-------+-------++-------
Melee: Falchion          |    66 |   102 |   279 |   870 |   309 ||  1626
       Scimitar          |       |       |       |       |    30 ||    30
Throw: Throwing net      |       |       |       |     1 |       ||     1
Invok: Berserk           |     2 |     4 |     4 |    21 |    10 ||    41
       Trog's Hand       |       |     1 |       |       |       ||     1
       Brothers in Arms  |       |       |       |       |     3 ||     3
Evoke: Wand              |       |       |       |    40 |    18 ||    58
       Lightning rod     |       |       |       |     4 |     5 ||     9
  Use: Potion            |     4 |       |       |     1 |     1 ||     6
       Scroll            |       |       |     6 |     8 |     2 ||    16
 Stab: Sleeping          |       |       |       |       |     3 ||     3
       Distracted        |       |       |       |       |     1 ||     1
       Confused          |       |       |       |       |     1 ||     1
  Eat: Chunk             |    10 |    22 |    29 |    89 |    26 ||   176
       Ration            |       |       |       |       |     2 ||     2
Armor: Animal skin       |    45 |    42 |    98 |    25 |       ||   210
       Steam dragon scal |       |       |       |    98 |       ||    98
       Troll leather arm |       |       |       |   211 |   110 ||   321
Dodge: Dodged            |    48 |    72 |   171 |   515 |   202 ||  1008
       Rpst.: Falchion   |    17 |    20 |    52 |   138 |    49 ||   276
       Scimitar          |       |       |       |       |     4 ||     4
